 Dungeon Crawl Stone Soup version 0.23.2-1-ga50397a6bc (webtiles) character file.

Game seed: 9373973131834980670

226 Marnok the Covered (level 5, -9/47 HPs)
             Began as a Minotaur Fighter on Apr 20, 2019.
             Mangled by an ogre
             ... wielding a +0 giant club
              (19 damage)
             ... on level 4 of the Dungeon.
             The game lasted 00:04:17 (2019 turns).

Marnok the Covered (Minotaur Fighter)               Turns: 2019, Time: 00:04:17

Health: -9/47      AC:  7    Str: 27    XL:     5   Next: 69%
Magic:  4/4        EV: 10    Int:  5    God:
Gold:   153        SH:  6    Dex:  9    Spells: 4/4 levels left

rFire    . . .     SeeInvis .   a - +0 war axe
rCold    . . .     Gourm    .   h - +2 buckler
rNeg     . . .     Faith    .   b - +0 scale mail
rPois    .         Spirit   .   (helmet restricted)
rElec    .         Reflect  .   (no cloak)
rCorr    .         Harm     +   (no gloves)
MR       .....     Rnd*Tele +   (no boots)
Stlth    ..........             j - amulet of harm
HPRegen  0.15/turn              q - ring of teleportation (curse)
MPRegen  0.09/turn              (no ring)

@: mighty
A: retaliatory headbutt, horns 2
a: no special abilities


You were on level 4 of the Dungeon.
You were near starving.

You visited 1 branch of the dungeon, and saw 4 of its levels.

You collected 153 gold pieces.

Inventory:

Hand Weapons
 a - a +0 war axe (weapon)
 e - a +1 vampiric whip
Armour
 b - a +0 scale mail (worn)
 c - a +0 shield
 h - a +2 buckler (worn)
 u - a +0 plate armour
 y - a cursed +0 large shield
Jewellery
 j - an amulet of harm (around neck)
 q - a cursed ring of teleportation (left hand)
Scrolls
 n - 3 scrolls of noise {unknown}
 o - a scroll of remove curse {unknown}
 t - a scroll of amnesia {unknown}
 w - 2 scrolls of identify {unknown}
 x - 2 scrolls of fear {unknown}
 z - a scroll of magic mapping {unknown}
Potions
 g - 3 potions of flight {unknown}
 i - a potion of heal wounds {unknown}
 k - a potion of agility {unknown}
 l - a potion of degeneration {unknown}
 m - a potion of cancellation {unknown}
 r - a potion of curing {unknown}
 s - a potion of lignification {unknown}
 v - a potion of magic {unknown}
Comestibles
 f - 7 rations


   Skills:
 + Level 4.3 Fighting
 + Level 4.7 Axes
 + Level 5.0 Armour
 + Level 1.4 Dodging
 + Level 0.1 Stealth
 + Level 4.5 Shields


You had 4 spell levels left.
You didn't know any spells.
Your spell library was empty.

Dungeon Overview and Level Annotations

Branches:
Dungeon (4/15)
 Temple: D:4-7

Altars:


Innate Abilities, Weirdness & Mutations

You reflexively headbutt those who attack you in melee.
You have a pair of horns on your head.


Message History

Edmund is moderately wounded.
You are near starving!
Edmund hits you but does no damage.
You slash Edmund!
Edmund is heavily wounded.
Edmund closely misses you.
You closely miss Edmund. Your headbutt misses Edmund.
Edmund is heavily wounded.
Edmund closely misses you.
You slash Edmund!
Edmund is almost dead.
Edmund closely misses you. You furiously retaliate!
You headbutt Edmund.
You kill Edmund!
Your Axes skill increases to level 4!
Your Armour skill increases to level 5!
Your Dodging skill increases to level 1!
You have reached level 5!
You slash the ogre! Your headbutt misses the ogre.
The ogre is heavily wounded.
The ogre hits you with a +0 giant club!
You die...

#############
##.....#.....##
##.............#
#...............
#...............
#...............
#########...............
......O@................
#########...............
##.............#
##.....#....<##
###########..# ##.. #..
#...... .........


You could see an ogre.

Vanquished Creatures
  Edmund (D:4)
  A worker ant (D:4)
  4 adders
  A worm (D:2)
  A dart slug (D:1)
  3 orcs (D:3)
  4 goblins
  5 hobgoblins
  6 jackals
  2 quokkas (D:2)
  2 bats
  2 frilled lizards (D:3)
  3 kobolds
  A leopard gecko skeleton (D:4)
  5 rats
41 creatures vanquished.

Notes
Turn   | Place    | Note
-------+----------+-------------------------------------------
     0 | D:1      | Marnok the Minotaur Fighter began the quest for the Orb.
     0 | D:1      | Reached XP level 1. HP: 19/19 MP: 0/0
   656 | D:1      | Reached XP level 2. HP: 23/27 MP: 1/1
   795 | D:2      | Reached skill level 4 in Armour
   796 | D:2      | Reached XP level 3. HP: 24/33 MP: 2/2
  1328 | D:3      | Reached XP level 4. HP: 33/40 MP: 3/3
  2006 | D:4      | Noticed Edmund
  2012 | D:4      | Noticed an ogre
  2018 | D:4      | Killed Edmund
  2018 | D:4      | Reached skill level 5 in Armour
  2018 | D:4      | Reached skill level 1 in Dodging
  2018 | D:4      | Reached XP level 5. HP: 10/47 MP: 4/4
  2019 | D:4      | Mangled by an ogre

Skill      XL: |  1  2  3  4 |
---------------+-------------+-----
Fighting       | 4 |  4.3
Axes           | 3 4 |  4.7
Armour         | 4 5 |  5.0
Shields        | 4 |  4.5
Dodging        | 1 |  1.4
Stealth        | |  0.1

Action                   |  1- 3 |  4- 6 || total
-------------------------+-------+-------++-------
Melee: War axe           |    79 |    31 ||   110
       Headbutt          |     7 |     4 ||    11
  Use: Potion            |       |     1 ||     1
  Eat: Chunk             |     1 |     1 ||     2
Armor: Scale mail        |    24 |     8 ||    32
Dodge: Dodged            |    35 |    16 ||    51
Block: Buckler           |    34 |     7 ||    41
